 Seeded DCSS version 0.30-a0-1161-g0704695555 (webtiles) character file.

Game seed: 10345669717402073757 (custom seed)

20 AleXD21137 the Grave Robber (level 2, -1/20 HPs)
             Began as a Ghoul Necromancer on Apr 27, 2023.
             Slain by an endoplasm (3 damage)
             ... on level 1 of the Dungeon.
             The game lasted 00:03:17 (545 turns).

AleXD21137 the Grave Robber (Ghoul Necromancer)      Turns: 545, Time: 00:03:18

Health: -1/20      AC:  2    Str:  9 (11) XL:     2   Next: 79%
Magic:  3/3        EV: 11    Int:  8 (10) God:
Gold:   23         SH:  0    Dex:  7 (9)  Spells: 3/4 levels left

rFire   . . .        e - +1 spear (freeze)
rCold   + . .        (no shield)
rNeg    + + +        a - +0 robe
rPois   ∞            (no helmet)
rElec   .            (no cloak)
rCorr   .            (no gloves)
SInv    .            (no boots)
Will    .....        (no amulet)
Stlth   ++           (no ring)
HPRegen 0.00/turn    (no ring)
MPRegen 0.08/turn

%: no passive effects
@: inhibited regen
A: claws 1, cold resistance 1, negative energy resistance 3, inhibited
regeneration, torment resistance 2, devour on kill
a: no special abilities


You were on level 1 of the Dungeon.
You visited 1 branch of the dungeon, and saw 1 of its levels.

You collected 23 gold pieces.

Inventory:

Hand Weapons
 e - a +1 spear of freezing (weapon)
Armour
 a - a +0 robe (worn)
Scrolls
 c - a scroll of amnesia
 d - a scroll of identify
Potions
 b - a potion of magic
 f - a potion of curing {unknown}


   Skills:
 + Level 0.1 Fighting
 + Level 2.0 Dodging
 + Level 2.2 Stealth
 + Level 0.3 Unarmed Combat
 + Level 1.8 Spellcasting
 + Level 4.5 Necromancy


You had 3 spell levels left.
You knew the following spells:

 Your Spells              Type           Power      Damage    Failure   Level
a - Necrotise             Necr           32%        1d5       5%          1

Your spell library contained the following spells:

 Spells                   Type           Power      Damage    Failure   Level
 Vampiric Draining        Necr           8%         2d6       17%         3
 Animate Dead             Necr           8%         N/A       50%         4
 Agony                    Necr           8%         N/A       83%         5


Dungeon Overview and Level Annotations

Branches:
Dungeon (1/15)

Altars:


Innate Abilities, Weirdness & Mutations

You are immune to poison.
You have sharp fingernails.
Your flesh is cold resistant. (rC+)
You are immune to negative energy. (rN+++)
You do not regenerate when monsters are visible.
You are immune to unholy pain and torment.
You thrive by killing the living.


Message History

You barely miss the giant cockroach. The giant cockroach bites you. x2
You closely miss the giant cockroach.
The giant cockroach bites you but does no damage.
You hit the giant cockroach. You freeze the giant cockroach.
The giant cockroach is severely wounded.
The giant cockroach misses you.
You barely miss the giant cockroach.
The giant cockroach is severely wounded.
The giant cockroach bites you but does no damage.
An endoplasm comes into view.
The giant cockroach closely misses you.
You hit the giant cockroach but do no damage.
The giant cockroach is severely wounded.
The giant cockroach bites you.
You hit the giant cockroach but do no damage.
The giant cockroach is severely wounded.
The endoplasm closely misses you. The giant cockroach barely misses you.
You barely miss the giant cockroach.
The giant cockroach is severely wounded.
The giant cockroach bites you but does no damage.
The endoplasm barely misses you. The giant cockroach closely misses you.
You barely miss the giant cockroach.
The giant cockroach is severely wounded.
The endoplasm closely misses you. The giant cockroach bites you.
* * * LOW HITPOINT WARNING * * *
The endoplasm closely misses you.
You closely miss the giant cockroach.
The giant cockroach is severely wounded.
The giant cockroach barely misses you. The endoplasm freezes you.
You are frozen.
You resist.
* * * LOW HITPOINT WARNING * * *
You hit the giant cockroach. You freeze the giant cockroach.
You kill the giant cockroach!
The endoplasm hits you.
* * * LOW HITPOINT WARNING * * *
The endoplasm closely misses you.
You see here a giant cockroach corpse.
The endoplasm attacks as you move away! The endoplasm hits you.
You die...

................ ...#
.#....##.##..### ...#
.#..#.##.##..####...#
.#..#...............###
.#..#.##.##...........#
.#..#.##........#####.#
.#..#.##.##..##.......#
.#..#.##.##..##.#####.#
.#..#.##.##..##.@.....#
##..#.##.##.###J#####.#
##..#.##.##.###..
.............##.##
##.##.##.##..##..
.........##..##.#
...##.#..##..##..
.................
#..#..#...#..##


You could see an endoplasm.

Vanquished Creatures
  2 dart slugs (D:1)
  2 giant cockroaches (D:1)
  5 goblins (D:1)
  A hobgoblin (D:1)
  A frilled lizard (D:1)
  4 rats (D:1)
15 creatures vanquished.

Notes
Turn   | Place    | Note
-------+----------+-------------------------------------------
     0 | D:1      | AleXD21137 the Ghoul Necromancer began the quest for the
                  | Orb.
     0 | D:1      | Reached XP level 1. HP: 14/14 MP: 2/2
   295 | D:1      | Reached XP level 2. HP: 19/20 MP: 3/3
   545 | D:1      | Slain by an endoplasm

Illustrated notes

Levels and vault maps discovered:
D:1:      dpeg_arrival_water_temple_mockup, layout_basic,
          grunt_decor_one_mirror, hex_tiny, minmay_misc_feat_room,
          minmay_misc_feat_rows, st_stairs_11

Skill      XL: |  1  2 |
---------------+-------+-----
Dodging        | 2 |  2.0
Fighting       | |  0.1
Stealth        | |  2.2
Unarmed Combat | |  0.3
Spellcasting   | |  1.8
Necromancy     | |  4.5

Action                     || total
---------------------------++-------
  Melee: Unarmed           ||    50
         Spear             ||    17
    Use: Scroll            ||     2
         Potion            ||     1
 Armour: Robe              ||     9
  Dodge: Dodged            ||    53

Table legend: (Time is in decaauts)
 A = Elapsed time spent in this place.
 B = Non-inter-level travel time spent in this place.
 C = Inter-level travel time spent in this place.
 D = Time resting spent in this place.
 E = Time spent auto-exploring this place.
 F = Levels seen in this place.
 G = Mean time per level.
                   A        B        C        D        E       F      G
               +--------+--------+--------+--------+--------+-----+--------+
         Total |    546 |    546 |      0 |      0 |    222 |   1 |  546.0 |
       Dungeon |    546 |    546 |      0 |      0 |    222 |   1 |  546.0 |
               +--------+--------+--------+--------+--------+-----+--------+

Top non-repeatable levels by time:
     D:1: 546 daAuts
